 Dungeon Crawl Stone Soup version 0.23.0 (webtiles) character file.

Game seed: 18367423991446216832

430 Borgoz the Skirmisher (level 6, -2/39 HPs)
             Began as a Gargoyle Gladiator on Feb 9, 2019.
             Was an Initiate of Ashenzari.
             Slain by Menkaure (15 damage)
             ... on level 4 of the Dungeon.
             The game lasted 00:04:49 (4027 turns).

Borgoz the Skirmisher (Gargoyle Gladiator)          Turns: 4027, Time: 00:04:49

Health: -2/39      AC:  9    Str: 18    XL:     6   Next: 99%
Magic:  6/6        EV: 13    Int:  8    God:    Ashenzari [......]
Gold:   235        SH:  0    Dex: 13    Spells: 5/5 levels left

rFire    . . .     SeeInvis .   l - +0 hand axe (chop)
rCold    . . .     Gourm    .   (no shield)
rNeg     + . .     Faith    .   b - +0 leather armour
rPois    ∞         Spirit   .   c - +0 helmet
rElec    +         Reflect  .   (no cloak)
rCorr    .         Harm     .   (no gloves)
MR       .....                  (no boots)
Stlth    +.........             (no amulet)
HPRegen  0.13/turn              (no ring)
MPRegen  0.10/turn              (no ring)

@: no status effects
A: negative energy resistance 1, electricity resistance, unbreathing,
petrification resistance, rot immunity, AC +4
a: Curse Item, Renounce Religion


You were on level 4 of the Dungeon.
You worshipped Ashenzari.
Ashenzari was noncommittal.
You were not hungry.

You visited 2 branches of the dungeon, and saw 5 of its levels.

You collected 235 gold pieces.

Inventory:

Hand Weapons
 l - a +0 hand axe of chopping (weapon)
Missiles
 d - 3 throwing nets (quivered)
 j - 8 needles of confusion
Armour
 b - a +0 leather armour (worn)
 c - a +0 helmet (worn)
Jewellery
 h - an uncursed ring of fire
Scrolls
 e - 2 scrolls of enchant weapon {unknown}
 i - 5 scrolls of enchant armour {unknown}
 k - 2 scrolls of remove curse
 m - a scroll of random uselessness {unknown}
 n - 3 scrolls of amnesia {unknown}
 o - 2 scrolls of identify {unknown}
 p - a scroll of immolation {unknown}
Potions
 a - a potion of brilliance
Comestibles
 f - 10 rations
 g - 3 chunks of flesh


   Skills:
 + Level 4.3 Fighting
 + Level 4.1 Axes
 - Level 1.7 Throwing
 + Level 3.5 Armour
 + Level 3.8 Dodging


You had 5 spell levels left.
You didn't know any spells.
Your spell library contained the following spells:

 Spells                   Type           Power        Failure   Level  Hunger
 Animate Skeleton         Necr           N/A          45%         1    ##.....
 Pain                     Necr           #...         45%         1    ##.....
 Regeneration             Chrm/Necr      #.........   83%         3    ####...
 Vampiric Draining        Necr           #.........   83%         3    ####...
 Animate Dead             Necr           N/A          99%         4    #####..


Dungeon Overview and Level Annotations

Branches:
Dungeon (4/15)             Temple (1/1) D:4

Altars:
Ashenzari
Cheibriados
Elyvilon
Fedhas
Kikubaaqudgha
Qazlal
Sif Muna
Trog
Uskayaw
Vehumet
Wu Jian
Xom
Yredelemnul
The Shining One

Annotations:
D:4 Menkaure


Innate Abilities, Weirdness & Mutations

You are resistant to torment.
Your stone body is resilient. (AC +4)
You are immune to poison.
You resist negative energy. (rN+)
You are resistant to electric shocks. (rElec)
You can survive without breathing.
You are immune to petrification.
You are immune to rotting.


Message History

You are too injured to fight recklessly!
You are too injured to fight recklessly!
Okay, then.
You barely miss Menkaure.
Menkaure is moderately damaged.
Menkaure calls on the powers of darkness!
Your body is wracked with pain!
Menkaure hits you but does no damage.
Okay, then.
Okay, then.
You hit Menkaure.
Menkaure is heavily damaged.
Menkaure barely misses you.
You hit Menkaure.
Menkaure is heavily damaged.
Menkaure calls on the powers of darkness!
Your body is wracked with pain!
You hit Menkaure.
Menkaure is severely damaged.
Menkaure hits you!
You die...

# ###### ###############....#
'.............#....#
#.............#....#
#......<......#....#
########..###'#....#####
.......#####....@M......
.......# #............ .......#
#............
.......#####............ ####
#########........#########..####
#........#.............#
#........'.............#
##........########.##..##
#...............##.######


You could see Menkaure.

Vanquished Creatures
  2 ogres (D:4)
  A howler monkey (D:4)
  A hound (D:4)
  An orc wizard (D:4)
  Jessica (D:2)
  A worker ant (D:4)
  6 adders
  An ooze (D:3)
  3 dart slugs
  2 worms (D:3)
  A leopard gecko (D:1)
  8 orcs
  4 giant cockroaches
  7 hobgoblins
  2 jackals (D:4)
  2 quokkas (D:3)
  9 bats
  7 frilled lizards
  4 goblins
  14 kobolds
  6 rats
83 creatures vanquished.

Vanquished Creatures (others)
  A wizard (D:4)
1 creature vanquished.

Grand Total: 84 creatures vanquished

Notes
Turn   | Place    | Note
-------+----------+-------------------------------------------
     0 | D:1      | Borgoz the Gargoyle Gladiator began the quest for the Orb.
     0 | D:1      | Reached XP level 1. HP: 12/12 MP: 1/1
   132 | D:1      | Reached XP level 2. HP: 14/18 MP: 2/2
   380 | D:1      | Reached skill level 1 in Armour
   390 | D:1      | Reached XP level 3. HP: 11/22 MP: 3/3
   975 | D:2      | Noticed Jessica
   994 | D:2      | Killed Jessica
   994 | D:2      | Reached XP level 4. HP: 19/28 MP: 4/4
  1509 | D:2      | Found a stormy altar of Qazlal.
  1974 | D:3      | Found an ornate altar of the Wu Jian Council.
  2102 | D:3      | Found a snail-covered altar of Cheibriados.
  2131 | D:3      | Found a white marble altar of Elyvilon.
  2152 | D:3      | Reached XP level 5. HP: 21/32 MP: 5/5
  2523 | D:3      | Found a bloodstained altar of Trog.
  2826 | D:4      | Noticed Menkaure
  3148 | D:4      | Found a staircase to the Ecumenical Temple.
  3152 | D:4      | Noticed an ogre
  3158 | D:4      | Killed an ogre
  3158 | D:4      | Reached XP level 6. HP: 22/38 MP: 6/6
  3286 | Temple   | Entered the Ecumenical Temple
  3312 | Temple   | Became a worshipper of Ashenzari the Shackled
  3808 | D:4      | Found a bloodstained altar of Trog.
  3809 | D:4      | Noticed a wizard
  3815 | D:4      | Killed a wizard
  3988 | D:4      | Found an ancient bone altar of Kikubaaqudgha.
  4027 | D:4      | Slain by Menkaure

Skill      XL: |  1  2  3  4  5  6 |
---------------+-------------------+-----
Armour         | 1 2 3 |  3.5
Axes           | 3 4 |  4.1
Fighting       | 3 4 |  4.3
Dodging        | 3 |  3.8
Throwing       | |  1.7

Action                   |  1- 3 |  4- 6 || total
-------------------------+-------+-------++-------
Melee: War axe           |    84 |   119 ||   203
       Hand axe          |       |    64 ||    64
  Use: Potion            |     3 |     2 ||     5
 Stab: Invisible         |       |     7 ||     7
  Eat: Chunk             |       |    10 ||    10
Armor: Leather armour    |    40 |    81 ||   121
       Skin              |     6 |       ||     6
Dodge: Dodged            |    81 |   169 ||   250
